 Dungeon Crawl Stone Soup version 0.31-a0-846-gb3bcc0d938 (webtiles) character file.

Game seed: 10380906987915523177

279616 Kurtz the Skinwalker (level 19, -11/70 HPs)
             Began as a Felid Ice Elementalist on Oct 3, 2023.
             Was a High Priest of Hepliaklqana.
             Mangled by a +0 falchion (16 damage)
             ... on level 2 of the Elven Halls.
             The game lasted 03:47:23 (81888 turns).

Kurtz the Skinwalker (Felid Ice Elementalist)      Turns: 81888, Time: 03:47:25

Health: -11/70     AC:  3    Str:  9    XL:     19   Next: 66%
Magic:  38/38      EV: 34    Int: 16    God:    Hepliaklqana [*****.]
Gold:   1253       SH:  0    Dex: 23    Spells: 6/47 levels left
                                        Lives:  0   Deaths: 7

rFire   + .          .
                       - Unarmed
rCold   + . .        (shield unavailable)
rNeg    + + +        (body armour unavailable)
rPois   ∞            (helmet unavailable)
rElec   +            (cloak unavailable)
rCorr   .            (gloves unavailable)
SInv    +            (boots unavailable)
Will    +++..        H - amulet of Moodiness {Faith rElec}
Stlth   +++          P - ring of fire
HPRegen 0.31/turn    C - ring of Lyjiow {EV+5 Str+3}
MPRegen 0.26/turn

%: faith
@: about to teleport, death-form, quick
A: vile attack, torment immunity, no potions, reduced essence, very small, claws
1, fangs 3, see invisible, speed 1, shaggy fur 3, stealthy paws, no weapons or
thrown items, no armour, multi-lived
}: 2/15 runes: decaying, serpentine
a: Siphon Essence, Begin Untransformation, Renounce Religion, Recall Ancestor,
Ancestor Identity, Transference, Idealise


You were on level 2 of the Elven Halls.
You worshipped Hepliaklqana.
Hepliaklqana was extremely pleased with you.
You were an undying horror.
You visited 7 branches of the dungeon, and saw 34 of its levels.
You also visited: Sewer and Ice Cave.

You collected 3837 gold pieces.
You spent 2584 gold pieces at shops.

Inventory:

Missiles
 z - 4 throwing nets
Armour
 X - a +2 kite shield of cold resistance
Jewellery
 g - a ring of willpower
 s - a +6 ring of intelligence
 w - a ring of wizardry
 y - the ring of Suspicion {Ice rCorr Stlth+}
   (You found it on level 6 of the Dungeon)

   [ring of ice]

   Ice:       It enhances your ice magic.
   rF-:       It makes you vulnerable to fire.
   rC+:       It protects you from cold.
   rCorr:     It protects you from acid and corrosion.
   Stlth+:    It makes you more stealthy.
 C - the ring of Lyjiow (right paw) {EV+5 Str+3}
   (You found it on level 6 of the Dungeon)

   [ring of evasion]

   EV+5:      It affects your evasion (+5).
   Str+3:     It affects your strength (+3).
 H - the amulet of Moodiness (around neck) {Faith rElec}
   (You found it in an ice cave)

   [amulet of faith]

   Faith:     It allows you to gain divine favour quickly.
   rElec:     It insulates you from electricity.
 N - a +4 ring of protection
 P - a ring of fire (left paw)
 R - the amulet of the Cricket {Reflect Will++ SH+5}
   (You found it in an ice cave)

   [amulet of reflection]

   Reflect:   It reflects blocked missile attacks.
   Will++:    It greatly increases your willpower.
   SH+5:      It affects your SH (+5).
 S - a ring of magical power
 T - the ring of the Lusting Soothsayer {rC+ Int+3}
   (You found it in an ice cave)

   [ring of protection from cold]

   Int+3:     It affects your intelligence (+3).
   rC+:       It protects you from cold.
 V - a +4 ring of slaying
Talismans
 e - a maw talisman
 m - a serpent talisman
 U - a talisman of death (active)
Wands
 p - a wand of iceblast (11)
 t - a wand of flame (47)
 E - a wand of polymorph (21)
 K - a wand of digging (17)
 O - a wand of paralysis (19)
 W - a wand of light (1) (quivered)
Scrolls
 c - 3 scrolls of vulnerability
 f - a scroll of silence
 h - 3 scrolls of summoning
 i - 4 scrolls of fog
 j - 8 scrolls of teleportation
 o - 10 scrolls of revelation
 q - 10 scrolls of amnesia
 u - a scroll of brand weapon
 A - 8 scrolls of noise
 D - 2 scrolls of torment
 F - 4 scrolls of poison
 G - 6 scrolls of immolation
 Y - a scroll of blinking
Potions
 a - 5 potions of magic
 b - 3 potions of resistance
 d - 2 potions of might
 k - 5 potions of brilliance
 l - 6 potions of haste
 n - 5 potions of attraction
 r - 2 potions of curing
 x - 4 potions of enlightenment
 B - 7 potions of mutation
 L - 4 potions of ambrosia
 M - 2 potions of heal wounds
 Q - 2 potions of cancellation
 Z - a potion of berserk rage


   Skills:
 * Level 6.9 Fighting
 * Level 12.6 Dodging
 - Level 4.9 Stealth
 - Level 5.3 Unarmed Combat
 * Level 14.6 Spellcasting
 - Level 6.5 Summonings
 - Level 1.0 Necromancy
 * Level 17.5 Ice Magic
 - Level 1.0 Air Magic
 - Level 8.2 Invocations
 * Level 23.6 Shapeshifting


You had 6 spell levels left.
You knew the following spells:

 Your Spells              Type           Power      Damage    Failure   Level
a - Freeze                Ice            100%       1d10      0%          1
b - Frozen Ramparts       Ice            100%       1d16      0%          3
c - Ozocubu's Armour      Ice            61%        N/A       0%          3
d - Summon Ice Beast      Ice/Summ       50%        N/A       1%          4
e - Call Canine Familiar  Summ           32%        N/A       1%          3
f - Polar Vortex          Ice            30%        12d4*     99%         9
g - Ozocubu's Refrigerat  Ice            30%        4d14      3%          7
h - Freezing Cloud        Conj/Ice/Air   15%        6-21      13%         5
i - Simulacrum            Ice/Necr       20%        N/A       21%         6

Your spell library contained the following spells:

 Spells                   Type           Power      Damage    Failure   Level
 Summon Small Mammal      Summ           100%       N/A       1%          1
 Ensorcelled Hibernation  Hex/Ice        78%        N/A       1%          2
 Summon Guardian Golem    Hex/Summ       22%        N/A       4%          3
 Slow                     Hex            44%        N/A       6%          1
 Jinxbite                 Hex            22%        N/A       9%          2
 Vampiric Draining        Necr           14%        2d7       12%         3
 Confusing Touch          Hex            11%        N/A       17%         3
 Sigil of Binding         Hex            11%        N/A       17%         3
 Volatile Blastmotes      Fire/Tloc      34%        2d12      17%         3
 Anguish                  Hex/Necr       6%         N/A       43%         4
 Brom's Barrelling Bould  Conj/Erth      11%        2d3       50%         4
 Cause Fear               Hex            5%         N/A       50%         4
 Fulminant Prism          Conj/Hex       5%         3d7       50%         4
 Iskenderun's Mystic Bla  Conj/Tloc      11%        2d4       50%         4
 Borgnjor's Vile Clutch   Necr/Erth      6%         N/A       78%         5
 Alistair's Intoxication  Tmut/Pois      7%         N/A       85%         5
 Fireball                 Conj/Fire      8%         3d6       85%         5
 Iskenderun's Battlesphe  Conj           11%        2d7       85%         5
 Conjure Ball Lightning   Conj/Air       6%         3x3d6     100%        6
 Eringya's Noxious Bog    Tmut/Pois      5%         4d6       100%        6
 Enfeeble                 Hex            5%         N/A       100%        7
 Orb of Destruction       Conj           5%         9d5       100%        7
 Spellforged Servitor     Conj/Summ      11%        N/A       100%        7


Dungeon Overview and Level Annotations

Branches:
Dungeon (15/15)            Temple (0/1) D:5            Lair (5/5) D:8
  Swamp (4/4) Lair:3        Snake (4/4) Lair:2        Slime (0/5) Lair:4
    Orc (2/2) D:11            Elf (2/3) Orc:2        Vaults (2/5) D:14
 Depths (0/4) D:15          Sewer (visited)           IceCv (visited)
  Crypt: Vaults:2-3

Altars:
Elyvilon
Fedhas
Hepliaklqana
Okawaru
Qazlal
Ru
Sif Muna
The Shining One

Shops:
D:7 *   D:9 ?   D:10 =   D:12 ?   Orc:2 =:*   Snake:4 [[(   Vaults:2 (

Annotations:
D:2 exclusions: 2 gnolls and 2 more exclusions
D:3 exclusion: downstairs
D:5 exclusion: downstairs
D:6 exclusion: downstairs
Lair:3 exclusion: 2 oklob plants
Lair:4 exclusion: 2 downstairs
Lair:5 1 runed translucent door, 2 transporters, tinfoiltophat's ghost, journeyman DjFE
Swamp:1 2 transporters
Snake:1 1 runed translucent door, exclusion: downstairs
Orc:1 exclusion: downstairs
Elf:2 3 runed translucent doors


Innate Abilities, Weirdness & Mutations

You are an undying horror.
Your melee and unarmed attacks drain, slow and weaken victims.
You are immune to unholy pain and torment.
You cannot drink.
You are immune to poison.
Your life essence is reduced to manifest your ancestor. (-10% HP)
You have sharp claws.
You have razor-sharp teeth.
You have supernaturally acute eyesight. (SInv)
You cover ground quickly. (Speed+)
Your thick and shaggy fur keeps you warm. (AC +3, rC+)
Your paws help you pounce on unaware monsters.
You are incapable of wielding weapons or throwing items.
You cannot wear armour.
You gain extra lives every three experience levels.


Message History

You rejoin the land of the living...
Found a potion of curing.
A +5 heavy scimitar and a deep elf archer come into view.
The deep elf archer is wielding a staff of death.
An air elemental comes into view.
Casting: Ozocubu's Armour (safe; 0% risk of failure)
Confirm with . or Enter, or press ? or * to list all spells.
Okay, then.
The deep elf archer wields a +0 shortbow.
The deep elf archer shoots an arrow.
The arrow closely misses you.
As you read the scroll of teleportation, it crumbles to dust.
You feel strangely unstable.
The deep elf archer shoots an arrow.
The arrow hits you!
You hear a shout!
The deep elf archer shoots an arrow.
The arrow hits you!!
The air elemental fires a burst of electricity at you.
The stunning burst hits you. You resist.
You suddenly lose the ability to move!
You can move again.
The air elemental fires a burst of electricity at you.
The stunning burst misses you.
The air elemental fires a burst of electricity at you.
The stunning burst misses you.
Something hits Gilga!
Something burns Gilga.
Your surroundings suddenly seem different.
A +10 dagger, a +6 dagger, a +0 falchion and a +5 dagger come into view.
Found two runed doors.
Unknown command.
As you read the scroll of teleportation, it crumbles to dust.
You feel strangely unstable. The +5 dagger completely misses you.
You cannot drink potions in your current state!
Unknown command.
The +5 dagger hits you!
The +5 dagger attacks as it pursues you!
The +5 dagger hits you!
* * * LOW HITPOINT WARNING * * *
The +5 dagger hits you.
* * * LOW HITPOINT WARNING * * *
The +5 dagger hits you!
* * * LOW HITPOINT WARNING * * *
The +0 falchion hits you!
You die...

.......# .......#
.......#
.......######
..........⌠..#
######........#
[.[<.#.........##
######
........(##
......((z##
.......(..#
........⌠.#
..........#
..........#
#.........#
##..⌠.....#
##.......+
#######++.


You could see 4 dancing weapons.

Vanquished Creatures
  A sphinx (Vaults:2)
  Frances (D:14)
  A thorn hunter (Swamp:4)
  An azure jelly (IceCv)
  Aizul (Snake:2)
  5 nagarajas
  2 vault wardens (Vaults:1)
  An orc warlord (D:11)
  4 ironbound preservers
  A formless jellyfish (Vaults:2)
  An ironbound thunderhulk (Vaults:1)
  2 eleionomae
  A bunyip (Swamp:4)
  A shambling mangrove (Swamp:2)
  A great orb of eyes (D:15)
  11 hydras
  A hydra (shapeshifter) (D:15)
  3 salamander tyrants (Snake:4)
  A yaktaur captain (Vaults:2)
  An ogre mage (Vaults:1)
  2 rakshasas (D:15)
  6 alligators
  2 ghost crabs
  A peacekeeper (Vaults:1)
  5 centaur warriors
  2 boulder beetles (D:15)
  3 dancing weapons (Elf:1)
  5 two-headed ogres
  15 anacondas
  9 naga warriors
  A tengu warrior (D:14)
  8 naga sharpshooters
  A spriggan berserker (Swamp:4)
  A shock serpent (Snake:3)
  8 deep elf knights
  A skyshark (Lair:5)
  8 salamander mystics
  3 spriggan druids
  A deep troll (Vaults:1)
  5 swamp dragons
  An orange crystal statue (IceCv)
  2 wizards
  5 deep elf archers
  2 lindwurms
  8 naga ritualists
  2 ironbound convokers
  12 deep elf pyromancers
  2 bog bodies (Swamp:4)
  6 mana vipers
  15 deep elf zephyrmancers
  2 cyclopes
  A will-o-the-wisp (Swamp:1)
  12 salamanders
  4 ugly things
  An elephant (Lair:2)
  27 black mambas
  A vault sentinel (Vaults:1)
  A gargoyle (D:12)
  13 naga magi
  A torpor snail (Lair:5)
  An ice statue (Swamp:1)
  9 guardian serpents
  4 cane toads
  A kobold demonologist (D:13)
  5 yaktaurs
  An unseen horror (D:7)
  4 komodo dragons
  2 bloated husks
  A polar bear (Lair:3)
  A queen bee (Lair:2)
  2 trolls
  A blink frog (shapeshifter) (D:13)
  4 tyrant leeches
  3 hornets (Lair:5)
  3 blink frogs (Lair:5)
  5 slime creatures
  A culicivora (shapeshifter) (D:12)
  3 spriggans
  A wraith (D:10)
  25 yaks
  A wyvern (Lair:1)
  A fire elemental (D:12)
  2 hogs (Lair:3)
  2 basilisks
  A steam dragon (D:7)
  2 acid dragons
  6 swamp worms
  2 wargs (D:11)
  30 nagas
  3 hell hounds (D:12)
  10 water moccasins
  2 sky beasts
  8 swamp drakes
  9 orc warriors
  A boggart (D:14)
  9 wolves
  5 ogres
  3 centaurs
  A slime creature simulacrum (IceCv)
  2 kobold brigands
  A phantom (D:4)
  7 bullfrogs
  5 scorpions
  A gnoll sergeant (D:7)
  13 killer bees (Lair:2)
  An electric eel (Lair:3)
  5 hounds
  3 jellies
  4 orc priests
  2 sleepcaps (D:5)
  3 iguanas
  15 orc wizards
  16 gnolls
  21 adders
  5 river rats (Sewer)
  2 ufetubi
  A worm (D:2)
  52 orcs
  7 endoplasms
  5 giant cockroaches
  5 goblins
  9 hobgoblins
  19 jackals
  2 quokkas
  8 ball pythons
  2 bats (D:1)
  3 frilled lizards
  11 kobolds
  7 rats
658 creatures vanquished.

Vanquished Creatures (collateral kills)
  Gastronok (Lair:3)
  A thorn hunter (Swamp:4)
  Kirke (Lair:3)
  An azure jelly (IceCv)
  2 nagarajas (Snake:4)
  A rockslime (IceCv)
  3 vault wardens
  2 ironbound preservers (Vaults:1)
  An orc warlord (Vaults:2)
  5 quicksilver oozes (IceCv)
  A formless jellyfish (Vaults:1)
  4 ironbound thunderhulks
  Nessos (D:14)
  Azrael (D:12)
  An eleionoma (Swamp:1)
  A deep elf demonologist (Elf:2)
  A dire elephant (Vaults:1)
  6 bunyips
  A great orb of eyes (Vaults:1)
  Fannar (D:11)
  A shambling mangrove (Swamp:1)
  A yaktaur captain (Vaults:1)
  A vault guard (Vaults:1)
  2 catoblepae
  4 ironbound frosthearts
  An ice dragon (D:15)
  6 hydras
  4 centaur warriors
  4 ogre magi (Orc:2)
  4 alligators
  5 anacondas
  3 boulder beetles
  4 naga warriors
  14 two-headed ogres
  A tengu warrior (D:14)
  5 dancing weapons (Elf:1)
  3 naga sharpshooters
  A shock serpent (shapeshifter) (Vaults:1)
  Sonja (D:10)
  3 shock serpents
  2 skysharks (Lair:5)
  Amaemon (Lair:1)
  Lodul (D:11)
  A goliath frog (Swamp:2)
  A glowing orange brain (Vaults:1)
  3 deep trolls
  An orange crystal statue (IceCv)
  4 swamp dragons
  2 bog bodies
  11 naga ritualists
  A lindwurm (Vaults:1)
  A deep elf archer (Elf:1)
  A phantasmal warrior (Vaults:1)
  2 ironbound convokers (Vaults:1)
  2 deep elf zephyrmancers (Elf:1)
  5 deep elf pyromancers
  7 ugly things
  12 mana vipers
  3 cyclopes
  An orc knight (D:11)
  3 orc sorcerers
  2 manticores
  6 salamanders
  3 will-o-the-wisps
  10 elephants (Lair:2)
  An ice statue (Swamp:1)
  2 guardian serpents (Snake:4)
  4 torpor snails (Lair:5)
  6 naga magi
  3 vault sentinels
  25 black mambas
  An orange demon (Lair:1)
  11 cane toads
  A gargoyle (D:14)
  Maggie (D:8)
  3 yaktaurs
  A rime drake (Lair:4)
  A nameless horror (D:6)
  5 komodo dragons
  3 trolls
  4 tyrant leeches
  3 polar bears
  2 bloated husks
  6 hornets
  6 blink frogs (Lair:5)
  31 slime creatures
  3 wraiths
  24 yaks
  3 spriggans
  A wyvern (D:11)
  3 hogs (Lair:3)
  A fire elemental (Elf:1)
  2 water elementals
  6 vampire mosquitoes
  A basilisk (Lair:1)
  A warg (Orc:2)
  14 nagas
  A hell hound (D:12)
  7 swamp worms
  10 water moccasins
  An acid dragon (D:12)
  2 swamp drakes (Swamp:4)
  12 orc warriors
  A sky beast (D:7)
  3 black bears
  5 great orb of eyes simulacra (IceCv)
  30 ogres
  3 wolves (Lair:5)
  16 centaurs
  4 slime creature simulacra (IceCv)
  7 bullfrogs
  3 glowing shapeshifter simulacra (IceCv)
  A gnoll sergeant (D:11)
  A scorpion (D:8)
  3 wights (D:8)
  10 killer bees (Lair:2)
  4 electric eels (Lair:3)
  A hound (D:6)
  2 jellies (Lair:4)
  11 orc priests
  A sleepcap (D:6)
  An iguana (D:6)
  20 orc wizards
  5 gnolls
  An adder (D:5)
  2 white imps
  An ufetubus (D:7)
  33 orcs
571 creatures vanquished.

Vanquished Creatures (others)
  A vault warden (Vaults:2)
  A deep elf knight (Elf:1)
  2 salamanders (Snake:4)
  A vault sentinel (Vaults:2)
  A vampire mosquito (Swamp:2)
  A naga (Snake:2)
  2 orc wizards
  44 knights
  An ancestor (D:6)
  25 foxfires
79 creatures vanquished.

Grand Total: 1308 creatures vanquished

Notes
Turn   | Place    | Note
-------+----------+-------------------------------------------
     0 | D:1      | Kurtz the Felid Ice Elementalist began the quest for the
                  | Orb.
     0 | D:1      | Reached XP level 1. HP: 7/7 MP: 4/4
    60 | D:1      | Reached XP level 2. HP: 9/11 MP: 0/6
   920 | D:1      | Reached XP level 3. HP: 6/14 MP: 0/7
   964 | D:2      | Succumbed to an adder's poison
  1550 | D:2      | Reached XP level 4. HP: 18/18 MP: 1/9
  1709 | D:2      | Found an iron altar of Okawaru.
  2323 | D:3      | Found a glowing drain.
  2373 | Sewer    | Entered a sewer
  2391 | Sewer    | Noticed a kobold brigand
  2412 | Sewer    | Slain by a river rat
  2419 | Sewer    | Killed a kobold brigand
  2420 | Sewer    | Reached skill level 1 in Unarmed Combat
  2420 | Sewer    | Reached skill level 1 in Shapeshifting
  2420 | Sewer    | Reached XP level 5. HP: 18/21 MP: 7/10
  2617 | Sewer    | Reached skill level 5 in Ice Magic
  2726 | Sewer    | Reached skill level 2 in Shapeshifting
  2947 | Sewer    | Learned a level 3 spell: Frozen Ramparts
  2951 | Sewer    | Learned a level 3 spell: Ozocubu's Armour
  3262 | Sewer    | Gained mutation: You are covered in thick fur. (AC +2)
                  | [Felid growth]
  3262 | Sewer    | Reached XP level 6. HP: 24/24 MP: 8/11
  3703 | D:3      | Found a hazy altar of Hepliaklqana.
  3837 | D:3      | Became a worshipper of Hepliaklqana the Forgotten
  4763 | D:4      | Reached skill level 1 in Fighting
  5034 | D:4      | Reached XP level 7. HP: 13/28 MP: 1/13
  5352 | D:3      | Learned a level 4 spell: Summon Ice Beast
  5385 | D:4      | Found the +7 staff of the Meek {protect, meekguard}
  5477 | D:4      | Reached skill level 1 in Invocations
  6031 | D:5      | Entered Level 5 of the Dungeon
  6348 | D:6      | Reached skill level 1 in Summonings
  6380 | D:5      | Reached * piety under Hepliaklqana
  6395 | D:5      | Reached XP level 8. HP: 29/29 MP: 5/15
  6990 | D:5      | Found a staircase to the Ecumenical Temple.
  7009 | D:5      | Reached skill level 3 in Shapeshifting
  7640 | D:6      | Identified the ring of Suspicion {Ice rCorr Stlth+}
  7687 | D:6      | Reached skill level 5 in Spellcasting
  8435 | D:6      | Reached XP level 9. HP: 33/33 MP: 9/18
  8680 | D:6      | Identified the ring of Lyjiow {EV+5 Str+3}
  9051 | D:7      | Noticed a nameless horror
  9061 | D:6      | Killed a nameless horror
  9183 | D:7      | Reached skill level 4 in Shapeshifting
  9314 | D:7      | Reached ** piety under Hepliaklqana
  9315 | D:7      | Remembered your ancestor Gilga as a knight
  9519 | D:7      | Found Towatej's General Store.
  9665 | D:7      | Noticed an unseen horror
  9672 | D:7      | Killed an unseen horror
  9673 | D:7      | Reached skill level 5 in Dodging
 10086 | D:7      | Noticed a two-headed ogre
 10086 | D:7      | Noticed a two-headed ogre
 10100 | D:7      | Killed a two-headed ogre
 10101 | D:7      | Reached XP level 10. HP: 37/37 MP: 4/21
 10306 | D:7      | Found the +8 pair of quick blades "Gyre" and "Gimble"
                  | {protect}
 10374 | D:7      | Killed a two-headed ogre
 10768 | D:8      | Found a blossoming altar of Fedhas.
 10884 | D:8      | Noticed Maggie
 10900 | D:8      | Reached skill level 5 in Shapeshifting
 11128 | D:8      | Killed Maggie
 11384 | D:8      | Found a staircase to the Lair.
 12094 | D:9      | Found a white marble altar of Elyvilon.
 12095 | D:9      | Found a stormy altar of Qazlal.
 12095 | D:9      | Found a sacrificial altar of Ru.
 12135 | D:9      | Found Jadurch's Magic Scroll Shop.
 12138 | D:9      | Bought a scroll of teleportation for 42 gold pieces
 12546 | D:10     | Entered Level 10 of the Dungeon
 12625 | D:10     | Reached XP level 11. HP: 40/40 MP: 10/23
 12632 | D:10     | Reached skill level 10 in Ice Magic
 12774 | D:10     | Reached *** piety under Hepliaklqana
 12930 | D:10     | Noticed a catoblepas
 13002 | D:10     | Found Nior Sav's Jewellery Shoppe.
 13324 | D:10     | Noticed Sonja
 13527 | D:10     | Slain by a catoblepas
 13613 | Lair:1   | Entered Level 1 of the Lair of Beasts
 14233 | Lair:1   | Noticed Amaemon
 14393 | Lair:1   | Reached **** piety under Hepliaklqana
 14557 | Lair:1   | Reached skill level 5 in Invocations
 14579 | Lair:1   | Reached skill level 6 in Shapeshifting
 14626 | Lair:1   | Killed Amaemon
 15346 | Lair:2   | Reached skill level 5 in Summonings
 15496 | Lair:2   | Noticed a boulder beetle
 15547 | Lair:2   | Killed a boulder beetle
 15607 | Lair:2   | Gained mutation: Your thick and shaggy fur keeps you warm.
                  | (AC +3, rC+) [Felid growth]
 15607 | Lair:2   | Reached XP level 12. HP: 12/43 MP: 1/25
 15890 | Lair:2   | Found a staircase to the Snake Pit.
 17392 | Lair:3   | Noticed Kirke
 17405 | Lair:3   | Reached skill level 7 in Shapeshifting
 17612 | Lair:3   | Reached skill level 10 in Spellcasting
 18173 | Lair:3   | Noticed Gastronok
 18197 | Lair:3   | HP: 1/44 [lindwurm/blast of flame[Kirke] (36)]
 18776 | Lair:3   | Killed Gastronok
 18777 | Lair:3   | Reached skill level 8 in Shapeshifting
 18974 | Lair:3   | Reached skill level 9 in Shapeshifting
 19086 | Lair:3   | Found a staircase to the Swamp.
 19621 | Lair:4   | Found a staircase to the Slime Pits.
 19697 | Lair:4   | Reached ***** piety under Hepliaklqana
 19737 | Lair:4   | Noticed a six-headed hydra
 19748 | Lair:4   | Killed a six-headed hydra
 19870 | Lair:4   | Reached XP level 13. HP: 46/46 MP: 17/28
 19987 | Lair:4   | Reached skill level 10 in Shapeshifting
 20001 | Lair:4   | Identified the +1 helmet of Restlessness {rF+}
 21170 | Lair:5   | Entered Level 5 of the Lair of Beasts
 21383 | Lair:5   | Reached skill level 11 in Shapeshifting
 21699 | Lair:5   | Found a runed translucent door.
 22177 | Lair:5   | Reached skill level 12 in Shapeshifting
 22389 | Lair:5   | Noticed tinfoiltophat's ghost (journeyman DjFE)
 22672 | Lair:5   | Reached skill level 13 in Shapeshifting
 22828 | Lair:5   | Found a transporter.
 22994 | Lair:5   | Found a transporter.
 23032 | Lair:5   | Paralysed by a hornet for 2 turns
 24156 | Lair:5   | Reached skill level 14 in Shapeshifting
 24586 | Lair:3   | Killed Kirke
 25413 | D:10     | Reached XP level 14. HP: 49/49 MP: 10/29
 25535 | D:10     | Killed Sonja
 25959 | D:11     | Found a staircase to the Orcish Mines.
 26345 | D:11     | Noticed Lodul
 26425 | D:11     | Killed Lodul
 26554 | D:11     | Reached skill level 15 in Shapeshifting
 26831 | D:11     | Noticed Fannar
 26864 | D:11     | Killed Fannar
 27925 | D:12     | Noticed Azrael
 27928 | D:12     | HP: 1/58 [Azrael/bolt of fire (26)]
 28209 | D:10     | Bought a talisman of death for 1478 gold pieces
 28322 | D:12     | Found Sush's Magic Scroll Shoppe.
 30679 | D:14     | Noticed Frances
 30712 | D:14     | HP: 1/90 [Frances/shard of ice (43)]
 30713 | D:14     | Demolished by Frances
 30883 | Orc:1    | Entered Level 1 of the Orcish Mines
 30946 | Orc:1    | Noticed an orc warlord
 31247 | D:11     | Killed an orc warlord
 31584 | D:14     | Found a glowing golden altar of the Shining One.
 31734 | D:14     | Killed Frances
 32408 | D:14     | Noticed Nessos
 32425 | D:14     | Killed Nessos
 32623 | D:14     | Noticed an ironbound preserver
 32657 | D:14     | Killed an ironbound preserver
 32848 | D:14     | Found a gate to the Vaults.
 33325 | D:14     | Learned a level 3 spell: Call Canine Familiar
 33784 | D:12     | Bought a scroll of identify for 24 gold pieces
 33784 | D:12     | Identified a scroll of acquirement
 33785 | D:12     | Acquired a book of Ice
 33797 | D:12     | Learned a level 9 spell: Polar Vortex
 33805 | D:12     | Learned a level 7 spell: Ozocubu's Refrigeration
 34940 | Orc:2    | Entered Level 2 of the Orcish Mines
 34940 | Orc:2    | Found a staircase to the Elven Halls.
 35236 | Orc:2    | Reached XP level 15. HP: 54/54 MP: 19/31
 35765 | Orc:2    | Reached skill level 5 in Fighting
 36163 | Orc:2    | Found Oranec's Jewellery Boutique.
 36163 | Orc:2    | Found Moych's Book Emporium.
 36164 | Orc:2    | Found Moiviu's General Store.
 36164 | Orc:2    | Found Kedexkor's Weapon Shop.
 36917 | D:2      | Found the +1 Delatra's gloves {ID++}
 37640 | D:12     | Killed Azrael
 37791 | D:15     | Entered Level 15 of the Dungeon
 38877 | D:15     | Reached skill level 16 in Shapeshifting
 39759 | D:15     | Found a staircase to the Depths.
 40080 | Snake:1  | Entered Level 1 of the Snake Pit
 40562 | Snake:1  | Reached skill level 10 in Dodging
 40790 | Snake:1  | Found a runed translucent door.
 42345 | Snake:1  | Reached XP level 16. HP: 59/59 MP: 30/34
 44477 | Snake:1  | HP: 4/88 [poisoned by a naga mage (bolt of poison)]
 46278 | Snake:2  | Reached skill level 15 in Ice Magic
 47073 | Orc:2    | Bought a manual of Shapeshifting for 1040 gold pieces
 47097 | Elf:1    | Entered Level 1 of the Elven Halls
 47591 | Elf:1    | Reached skill level 17 in Shapeshifting
 47593 | Elf:1    | Killed from afar by a deep elf zephyrmancer
 48549 | Elf:1    | Reached skill level 18 in Shapeshifting
 49459 | Elf:1    | HP: 4/90 [poisoned by a +1 battleaxe of venom]
 49752 | Elf:1    | Reached skill level 19 in Shapeshifting
 49752 | Elf:1    | Reached XP level 17. HP: 63/63 MP: 24/36
 50292 | Swamp:1  | Entered Level 1 of the Swamp
 50322 | Swamp:1  | Found a frozen archway.
 50345 | IceCv    | Entered an ice cave
 51279 | IceCv    | Found a viscous altar of Jiyva.
 51334 | IceCv    | Identified the amulet of Moodiness {Faith rElec}
 51369 | IceCv    | Slain by a quicksilver ooze
 51379 | IceCv    | Identified the amulet of the Cricket {Reflect Will++ SH+5}
 51384 | IceCv    | Got the ring of the Lusting Soothsayer {rC+ Int+3}
 51459 | IceCv    | Reached skill level 20 in Shapeshifting
 52224 | IceCv    | Got an unusual book
 52232 | IceCv    | Learned a level 5 spell: Freezing Cloud
 52651 | Swamp:1  | HP: 1/75 [seven-headed hydra (9)]
 53247 | Swamp:1  | Found a transporter.
 53273 | Swamp:1  | Found a transporter.
 53429 | Swamp:1  | Reached skill level 1 in Air Magic
 54947 | Swamp:2  | Reached skill level 21 in Shapeshifting
 56697 | Swamp:4  | Entered Level 4 of the Swamp
 58554 | Swamp:3  | HP: 3/75 [poisoned by something (poison gas)]
 59470 | Swamp:4  | Reached XP level 18. HP: 67/67 MP: 22/37
 59893 | Swamp:4  | Got a decaying rune of Zot
 60622 | Snake:2  | Noticed Aizul
 60636 | Snake:2  | Killed Aizul
 61189 | Snake:2  | You fall into a shaft and drop 1 floor!
 61836 | Snake:2  | Found a shimmering blue altar of Sif Muna.
 64593 | Snake:4  | Entered Level 4 of the Snake Pit
 64813 | Snake:4  | Reached skill level 22 in Shapeshifting
 65254 | Snake:4  | Found Emit's Armour Shoppe.
 67928 | Snake:4  | Found Haalicli's Armour Emporium.
 67980 | Snake:4  | Found Longelyn's Antique Weapon Emporium.
 69428 | Snake:4  | Reached skill level 23 in Shapeshifting
 69668 | Snake:3  | Learned a level 6 spell: Simulacrum
 70717 | Vaults:1 | Entered Level 1 of the Vaults
 71252 | Vaults:1 | Reached skill level 1 in Necromancy
 72972 | Vaults:1 | Reached XP level 19. HP: 57/70 MP: 0/38
 74247 | Vaults:2 | HP: 1/70 [orc warlord/+5 great mace of protection (18)]
 74476 | Vaults:2 | Found Jenez's Antique Weapon Shoppe.
 75885 | Vaults:2 | Reached skill level 5 in Unarmed Combat
 77643 | Snake:4  | Identified the +7 whip "Leviticus" {flame, rN+ MP+9 SInv
                  | Stlth-}
 79791 | Snake:4  | Got a serpentine rune of Zot
 81874 | Elf:2    | Slain by a +0 halberd of flaming
 81880 | Elf:2    | Paralysed by an air elemental for 1 turns
 81883 | Elf:2    | Found a runed translucent gate.
 81883 | Elf:2    | Found a runed translucent gate.
 81883 | Elf:2    | Found a runed translucent gate.
 81888 | Elf:2    | Mangled by a +0 falchion

Illustrated notes

Levels and vault maps discovered:
D:1:      spicycebolla_arrival_ecumenical, layout_loops_cross,
          kennysheep_doodads, nicolae_titane
D:2:      layout_basic, basic_altar, kennysheep_cross_room,
          pf_guarded_unrand_delatra
D:3:      layout_loops_corners, mainiacjoe_overflow_brackets,
          portal_sewer_entry_d, kennysheep_decorative_pillar
D:4:      cheibrodos_quashed, layout_layer_cave
D:5:      layout_basic, minmay_temple_entry_proselytizer,
          kennysheep_generic_room_9
D:6:      layout_loops_cross
D:7:      layout_rooms, serial_shops, shop,
          hellmonk_guarded_unrand_gyre_and_gimble
D:8:      layout_rooms, lemuel_crystal_altar, grunt_lair_entry_orc_guard_hut,
          uniq_maggie
D:9:      layout_loops_ring, chequers_temple_overflow_statue_of_worship,
          serial_shops, nicolae_shop_trees
D:10:     layout_stronghold, serial_shops, shop, uniq_sonja
D:11:     layout_irregular_city, minmay_orc_entry_temple_small, uniq_fannar,
          uniq_lodul
D:12:     layout_roguey, serial_shops, nicolae_shop_just_a_little_nook,
          hangedman_abyss_or_decor_stabs, uniq_azrael
D:13:     layout_basic, minmay_librarian
D:14:     layout_stronghold, skrybe_vaults_entry_preservation,
          nicolae_tso_carved_into_rock, uniq_frances, uniq_nessos
D:15:     gammafunk_enter_depths_forms, layout_irregular_city,
          serial_park_tiny_1, kennysheep_two_boxes
Lair:1:   layout_roguey, minivault_27, infiniplex_staircase_pool, uniq_amaemon
Lair:2:   layout_small_grid, dummy_snake_entry, special_room [special_room_bee]
Lair:3:   layout_concentric_octagons, nicolae_swamp_entry_splash_gauntlet,
          dpeg_oklob_1, grunt_megastairs_3, serial_bayou_shore_a,
          uniq_gastronok, uniq_kirke
Lair:4:   layout_long_grid, minmay_slime_entry_pillars,
          infiniplex_staircase_pool_2, grunt_megastairs_4
Lair:5:   wormcave, layout_regular_city, gammafunk_ghost_arena,
          grunt_megastairs_1
Swamp:1:  gammafunk_worm_tunnel, layout_falls_marsh,
          portal_ice_cave_entry_ice_statue_two, nicolae_swamp_small_spring
Swamp:2:  layout_falls_marsh, hangedman_swamp_ruin_hall
Swamp:3:  layout_basic_swamp, evilmike_swamp_ruin_rubble_2
Swamp:4:  swamp_basic_johnstein, layout_basic_swamp, swamp_pool2
Snake:1:  layout_chambers, drop_trap, nicolae_snake_gridmaze_spiral,
          lightli_airlock
Snake:2:  layout_layer_cave, basic_altar, nicolae_snake_coiling_death,
          uniq_aizul
Snake:3:  layout_onion
Snake:4:  johnstein_snake_rune_scales, layout_grid_maze, serial_shops,
          nicolae_shop_hallway_plus, nicolae_shop_behind_doors,
          nicolae_shop_crystal, nicolae_snake_scaly_snakehead
Orc:1:    layout_caves
Orc:2:    st_orc_ogre_mass, layout_caves, basic_altar
Elf:1:    layout_geoelf_diagonals, hangedman_elven_crosses_minicolossus
Elf:2:    nicolae_elf_blades_crystal_corner, layout_loops_ring, st_stairs_2,
          roderic_roman_lattice, corexii_leaking_fountain, grunt_ministairs_8
Vaults:1: nicolae_vaults_trapezoid_1, nicolae_vaults_rhombus_6,
          ontoclasm_vaults_chip, vaults_dpeg_encased_lava, st_cells,
          vaults_mumra_hexcomb, nicolae_vaults_diamond_2,
          nicolae_vaults_tetromino_T_2, nicolae_vaults_weapon_check,
          dpeg_vaults_monster_box, layout_vaults_omnigrid
Vaults:2: v_misc_30, v_alt_pattern_4, v_rooms_4,
          vaults_standard_mumra_enter_the_diamond, nicolae_vaults_mitosis,
          nicolae_vaults_minivaults, minmay_crypt_entry_nasty_monster,
          grunt_vaults_diagonal, vaults_room_large_hall,
          vaults_standard_mumra_enter_the_diamond,
          nicolae_vaults_windows_and_doors_thing, nicolae_vaults_trapezoid_3,
          ontoclasm_vaults_pinch, nicolae_vaults_trapezoid_lopsided_3, v_misc_8,
          nicolae_vaults_two_Ls, nicolae_vaults_house_2,
          layout_vaults_maze_bifur, serial_shops, shop

Skill      XL: |  1  2  3  4  5  6  7  8  9 10 11 12 13 14 15 16 17 18 19 |
---------------+----------------------------------------------------------+-----
Ice Magic      | 4 5 6 7 8 9 11 12 13 15 16 17 | 17.5
Stealth        | 3 4 |  4.9
Unarmed Combat | 1 2 3 4 5 |  5.3
Shapeshifting  | 1 2 3 4 5 6 9 14 15 16 19 21 23 | 23.6
Dodging        | 3 4 5 6 8 9 10 12 | 12.6
Spellcasting   | 3 4 5 6 7 8 10 11 13 14 | 14.6
Fighting       | 1 2 3 4 6 |  6.9
Invocations    | 1 2 3 4 5 6 8 |  8.2
Summonings     | 1 2 3 4 5 6 |  6.5
Air Magic      | 1 |  1.0
Necromancy     | 1 |  1.0

Action                     |  1- 3 |  4- 6 |  7- 9 | 10-12 | 13-15 | 16-18 | 19-21 || total
---------------------------+-------+-------+-------+-------+-------+-------+-------++-------
  Melee: Unarmed           |    28 |   168 |    51 |    26 |   174 |   171 |    45 ||   663
         Bite              |     4 |    21 |     8 |     6 |       |     2 |     9 ||    50
         Punch             |       |     1 |     2 |     1 |       |     1 |     5 ||    10
         Constrict         |       |       |       |       |    52 |    33 |       ||    85
   Cast: Freeze            |    50 |    78 |    85 |   154 |   355 |   109 |    17 ||   848
         Frozen Ramparts   |       |    13 |    28 |    47 |    85 |    30 |     4 ||   207
         Ozocubu's Armour  |       |     2 |    16 |    61 |   119 |    78 |    21 ||   297
         Summon Ice Beast  |       |       |    25 |    85 |   192 |   151 |    20 ||   473
         Call Canine Famil |       |       |       |       |    39 |    25 |     3 ||    67
         Ozocubu's Refrige |       |       |       |       |     3 |   340 |   148 ||   491
         Freezing Cloud    |       |       |       |       |       |    45 |    12 ||    57
 Invoke: Recall Ancestor   |       |       |     2 |    11 |    16 |    11 |     5 ||    45
         Ancestor Identity |       |       |     1 |       |       |     1 |       ||     2
         Ancestor Life: Kn |       |       |     1 |       |       |       |       ||     1
         Transference      |       |       |       |       |     6 |       |       ||     6
         Idealise          |       |       |       |       |    14 |     9 |       ||    23
Ability: Siphon Essence    |       |       |       |       |       |       |     2 ||     2
  Evoke: Wand              |       |       |       |     4 |    25 |    20 |     1 ||    50
    Use: Potion            |     5 |     2 |     2 |     2 |     9 |    16 |       ||    36
         Scroll            |       |     6 |     1 |     7 |    17 |    15 |     5 ||    51
   Stab: Sleeping          |     2 |     3 |     2 |       |       |       |       ||     7
         Distracted        |       |     1 |       |       |     1 |     6 |     1 ||     9
         Paralysed         |       |       |       |       |     1 |       |       ||     1
         Invisible         |       |       |       |       |     3 |       |       ||     3
 Armour: Skin              |    22 |    68 |    67 |   104 |   423 |   306 |    62 ||  1052
  Dodge: Dodged            |    52 |   167 |   139 |   280 |   718 |   381 |   159 ||  1896
  Block: Other             |       |       |       |       |       |    26 |       ||    26
         Reflection        |       |       |       |       |       |     1 |       ||     1
   Form: Anaconda          |       |       |       |       |     1 |     2 |       ||     3
                           |       |       |       |       |       |     1 |       ||     1
         Death             |       |       |       |       |       |     2 |       ||     2

Table legend: (Time is in decaauts)
 A = Elapsed time spent in this place.
 B = Non-inter-level travel time spent in this place.
 C = Inter-level travel time spent in this place.
 D = Time resting spent in this place.
 E = Time spent auto-exploring this place.
 F = Levels seen in this place.
 G = Mean time per level.
                   A        B        C        D        E       F      G
               +--------+--------+--------+--------+--------+-----+--------+
         Total |  78926 |  73606 |   5320 |  36697 |  24311 |  36 | 2192.4 |
       Dungeon |  24738 |  21712 |   3026 |   8133 |   9665 |  15 | 1649.2 |
          Lair |  11011 |  10164 |    847 |   3180 |   4875 |   5 | 2202.2 |
         Swamp |   7717 |   7459 |    258 |   5021 |   1597 |   4 | 1929.2 |
     Snake Pit |  20426 |  19843 |    583 |  12672 |   4359 |   4 | 5106.5 |
  Orcish Mines |   2726 |   2544 |    182 |    828 |   1015 |   2 | 1363.0 |
   Elven Halls |   4229 |   4159 |     70 |   2580 |    912 |   2 | 2114.5 |
        Vaults |   5123 |   4771 |    352 |   3301 |    795 |   2 | 2561.5 |
         Sewer |    954 |    954 |      0 |    147 |    516 |   1 |  954.0 |
      Ice Cave |   1997 |   1997 |      0 |    834 |    575 |   1 | 1997.0 |
               +--------+--------+--------+--------+--------+-----+--------+

Top non-repeatable levels by time:
 Snake:4: 7681 daAuts
 Snake:1: 5021 daAuts
Vaults:1: 4632 daAuts
 Snake:3: 4080 daAuts
 Snake:2: 3642 daAuts
   Elf:1: 3513 daAuts
    D:11: 3463 daAuts
  Lair:5: 3018 daAuts
  Lair:2: 2783 daAuts
 Swamp:4: 2735 daAuts
    D:14: 2656 daAuts
 Swamp:1: 2468 daAuts
  Lair:3: 2139 daAuts
    D:10: 2040 daAuts
   IceCv: 1997 daAuts
